 Dungeon Crawl Stone Soup version 0.27-a0-1188-g73eefd5def (webtiles) character file.

Game seed: 9742480948183173405

561 spiderkeys the Skirmisher (level 7, -11/49 HPs)
             Began as an Octopode Abyssal Knight on May 21, 2021.
             Was a Priest of Lugonu.
             Mangled by an ogre
             ... wielding a +0 giant spiked club
              (23 damage)
             ... on level 4 of the Dungeon.
             The game lasted 00:06:00 (2386 turns).

spiderkeys the Skirmisher (Octopode Abyssal Knight) Turns: 2386, Time: 00:06:00

Health: -11/49     AC:  5    Str: 14    XL:     7   Next: 31%
Magic:  10/10      EV: 14    Int: 14    God:    Lugonu [***...]
Gold:   109        SH:  0    Dex: 11    Spells: 6/6 levels left

rFire    . . .     SeeInvis .   a - +1 spear
rCold    . . .     Faith    .   (no shield)
rNeg     . . .     Spirit   .   (helmet restricted)
rPois    .         Reflect  .   g - amulet of regeneration
rElec    .         Harm     .   L - ring of flight
rCorr    .         Rampage  .   O - +4 ring of protection
Will     .....                  (no ring)
Stlth    ++........             (no ring)
HPRegen  1.16/turn              (no ring)
MPRegen  0.12/turn              (no ring)
                                (no ring)
                                (no ring)

@: flying
A: almost no armour, amphibious, 8 rings, camouflage 1, gelatinous body 1,
(nimble swimmer 1), tentacles
a: Renounce Religion, Depart the Abyss, Bend Space, Banish


You were on level 4 of the Dungeon.
You worshipped Lugonu.
Lugonu was most pleased with you.
You visited 1 branch of the dungeon, and saw 4 of its levels.
You visited the Abyss 1 time.

You collected 109 gold pieces.


Innate Abilities, Weirdness & Mutations

You cannot wear most types of armour.
You are amphibious.
You can wear up to eight rings at the same time.
Your skin changes colour to match your surroundings (Stealth+).
Your rubbery body absorbs attacks. (AC +1, EV +1)
((You are camouflaged near water. (Stealth+)))
You have tentacles for arms and can constrict up to eight enemies at once.


   Skills:
 + Level 4.8 Fighting
 + Level 4.2 Polearms
 + Level 4.4 Dodging
 + Level 4.5 Invocations


You had 6 spell levels left.
You didn't know any spells.
Your spell library contained the following spells:

 Spells                   Type           Power      Damage    Failure   Level
 Sandblast                Erth           0%         2d4       28%         1
 Passwall                 Tmut/Erth      0%         N/A       41%         2
 Ignite Poison            Fire/Tmut/Pois 0%         N/A       65%         3
 Stone Arrow              Conj/Erth      0%         3d7       65%         3
 Petrify                  Tmut/Erth      0%         N/A       96%         4
 Irradiate                Conj/Tmut      0%         3d14      100%        5
 Lee's Rapid Deconstruct  Erth           0%         3d5*      100%        5
 Blade Hands              Tmut           0%         N/A       100%        6
 Statue Form              Tmut/Erth      0%         N/A       100%        6

Inventory:

Hand Weapons
 a - a +1 spear (weapon)
Missiles
 b - 102 stones
 c - 36 bolts
 d - 74 arrows
 m - 21 sling bullets
 q - 2 poisoned darts
Magical Staves
 p - a staff of cold {!a}
   (You found it on level 3 of the Dungeon)
Jewellery
 g - an amulet of regeneration (around mantle)
   (You found it on level 1 of the Abyss)
 L - a ring of flight (left tentacle)
   (You found it on level 2 of the Dungeon)
 O - a +4 ring of protection (right tentacle)
   (You found it on level 3 of the Dungeon)
Wands
 n - a wand of flame (11)
   (You took it off Robin on level 2 of the Dungeon)
 u - a wand of iceblast (7)
   (You found it on level 4 of the Dungeon)
Scrolls
 f - 2 scrolls of magic mapping {!r}
 l - 2 scrolls of amnesia
 t - a scroll of teleportation {@r4}
Potions
 e - 2 potions of curing {@q1}
 h - a potion of might
 i - a potion of mutation {unknown}
 j - a potion of degeneration {unknown}
 k - a potion of invisibility {unknown}
 o - a potion of flight {unknown}
 r - a potion of lignification {unknown}
 s - a potion of heal wounds {unknown}

Dungeon Overview and Level Annotations

Branches:
Dungeon (4/15)             Temple (0/1) D:4

Altars:

Annotations:
D:4 Menkaure

#...##.######........#.)..###<...
#...##.## #.......##.........##
#...##.g######...g.........###.#
#...##...............####..# #.##
#....(..######.......## ##.# #...
#...........##........## #.# ###.
#...###..##............###.## #.
#...# ##.##..#..........##..####.
#...# #.#....$.@)...M..###......
##### #...###...OJ..............
*,,,** ##..* #.......$......##>.#
,,*,,** #..# #..........###..#.##
,**+,,***..# ##...........##...##
**,**,,,,..#*#..................#
*,โˆฉ,**,,,..?.....................
**,**,,,,,,,.....................
,***,,,,,,,,,.................รท..


You could see an ogre, Menkaure (fast), an endoplasm and a goblin.


Message History

Your hp is fully restored (49).
The goblin shoots a stone.
The stone hits you. ๐Ÿ˜• HP[-1]
You take 1 damage, and now have 48/49 hp.
The goblin shoots a stone.
The stone hits you. ๐Ÿ˜• HP[-5]
You take 5 damage, and now have 43/49 hp.
The goblin shoots a stone.
The stone hits you but does no damage.
The kobold throws a poisoned dart.
The poisoned dart hits you!
You are poisoned. ๐Ÿ˜• HP[+1]
You feel sick. ๐Ÿ˜• HP[-1]
You take 1 damage, and now have 43/49 hp.
You feel sick. ๐Ÿ˜• HP[-1]
You take 1 damage, and now have 42/49 hp.
You feel sick.
The kobold throws a poisoned dart.
The poisoned dart misses you.
You feel sick.
You feel sick. ๐Ÿ˜• HP[+1]
You feel sick.
You feel sick.
You feel sick.
You are no longer poisoned. ๐Ÿ˜• HP[+1] ๐Ÿ˜• HP[+1]
You hear the hiss of a distant avalanche of sand. ๐Ÿ˜• HP[+2]
You regained 2 hp, and now have 47/49 hp. ๐Ÿ˜• HP[+1] ๐Ÿ˜Ž HP[+1]
Your hp is fully restored (49).
c - 36 bolts (gained 18) Really read
f - 3 scrolls of magic mapping {!r}?
As you read the scroll of magic mapping {!r}, it crumbles to dust.
You feel aware of your surroundings.
You sensed 1 shop/portal.
You hear the brisk hiss of a very distant avalanche of sand.
Menkaure grins.
Menkaure mumbles some strange words.
Menkaure seems to speed up.
Menkaure gestures at you while chanting.
Pain shoots through your body! ๐Ÿ˜• HP[-6]
You take 6 damage, and now have 43/49 hp. ๐Ÿ˜• HP[+1] Menkaure gestures at you while chanting.
Pain shoots through your body! ๐Ÿ˜• HP[-4]
You take 4 damage, and now have 40/49 hp.
Menkaure calls on the powers of darkness!
Your body is wracked with pain!
* * * LOW HITPOINT WARNING * * *
๐Ÿ˜จ HP[-18]
You take 18 damage, and now have 22/49 hp.
MASSIVE DAMAGE!! (PAUSE) Menkaure points at you and mumbles some strange words.
Pain shoots through your body!
* * * LOW HITPOINT WARNING * * *
๐Ÿ˜จ HP[+1] ๐Ÿ˜จ HP[+1]
An endoplasm comes into view. ๐Ÿ˜ฎ HP[+2]
You regained 2 hp, and now have 26/49 hp.
Menkaure calls on the powers of darkness!
Your body is wracked with pain!
* * * LOW HITPOINT WARNING * * *
๐Ÿ˜จ HP[-11]
You take 11 damage, and now have 15/49 hp.
MASSIVE DAMAGE!! (PAUSE) ๐Ÿ˜จ HP[+1] ๐Ÿ˜จ HP[+1]
The ogre shouts! ๐Ÿ˜จ HP[+1]
The endoplasm quivers.
Menkaure calls on the powers of darkness!
Your body is wracked with pain!
* * * LOW HITPOINT WARNING * * *
The endoplasm convulses! ๐Ÿ˜ฑ HP[-7]
You take 7 damage, and now have 11/49 hp.
Menkaure gestures at you while chanting.
Pain shoots through your body!
* * * LOW HITPOINT WARNING * * *
๐Ÿ˜ฑ HP[+1]
The goblin shouts!
The goblin shoots a stone.
The stone hits you.
* * * LOW HITPOINT WARNING * * *
The goblin shoots a stone.
The stone hits you.
* * * LOW HITPOINT WARNING * * *
The endoplasm freezes you.
You are frozen.
* * * LOW HITPOINT WARNING * * *
Things that are here:
a +0 club; a yellow potion; a goblin corpse ๐Ÿ˜ฑ HP[-1]
You take 1 damage, and now have 11/49 hp.
The goblin shoots a stone.
The stone completely misses you.
The ogre hits you with a +0 giant spiked club!!
You die...

Skill      XL: |  1  2  3  4  5  6 |
---------------+-------------------+-----
Dodging        | 3 4 |  4.4
Invocations    | 3 4 |  4.5
Polearms       | 3 4 |  4.2
Fighting       | 4 |  4.8

Action                   |  1- 3 |  4- 6 |  7- 9 || total
-------------------------+-------+-------+-------++-------
Melee: Spear             |    98 |   101 |    24 ||   223
       Constrict         |    20 |    15 |     6 ||    41
       Tentacles         |     9 |    15 |     5 ||    29
Invok: Depart the Abyss  |     1 |       |       ||     1
  Use: Scroll            |     4 |     1 |     2 ||     7
       Potion            |       |     1 |       ||     1
 Stab: Sleeping          |     5 |     7 |       ||    12
Armor: Skin              |     7 |    11 |    13 ||    31
Dodge: Dodged            |    34 |    52 |    25 ||   111

Levels and vault maps discovered:
D:1:      saegor_arrival_simple_b, layout_rooms, serial_bayou_lagoon_a,
          minmay_misc_feat_plants, minmay_misc_feat_four_crosses
D:2:      layout_rooms
D:3:      layout_loops_cross, uniq_grinder, uniq_robin, uniq_sigmund
D:4:      layout_rooms, minmay_temple_entry_hall, enter_ossuary_5, uniq_menkaure

Notes
Turn   | Place    | Note
-------+----------+-------------------------------------------
     0 | Abyss:1  | spiderkeys the Octopode Abyssal Knight began the quest for
                  | the Orb.
     0 | Abyss:1  | Reached XP level 1. HP: 16/16 MP: 2/2
     0 | Abyss:1  | magus.rc [v1.9.10]
    43 | Abyss:1  | Noticed a ynoxinul
    50 | Abyss:1  | Noticed a large abomination
    56 | Abyss:1  | Noticed an orange demon
    63 | D:1      | You pass through the gate.
    63 | D:1      | Escaped the Abyss
   210 | D:1      | Reached XP level 2. HP: 21/21 MP: 3/3
   226 | D:1      | Reached * piety under Lugonu
   364 | D:1      | Reached XP level 3. HP: 26/26 MP: 4/4
   563 | D:1      | Identified Sif Muna's Incunabulum of Mutagenic Toxins
   564 | D:1      | You add the spells Ignite Poison, Irradiate, Statue Form
                  | and Blade Hands to your library.
   629 | D:1      | Reached ** piety under Lugonu
   869 | D:2      | Reached XP level 4. HP: 27/31 MP: 6/6
   870 | D:2      | Reached skill level 3 in Dodging
  1085 | D:2      | Reached skill level 3 in Invocations
  1239 | D:3      | Noticed Robin
  1327 | D:2      | Killed Robin
  1328 | D:2      | Reached skill level 3 in Polearms
  1348 | D:3      | Reached XP level 5. HP: 36/37 MP: 7/7
  1449 | D:3      | Noticed Sigmund
  1704 | D:3      | Noticed Grinder
  1710 | D:3      | Paralysed by Grinder for 4 turns
  1719 | D:3      | HP: 9/37 [Grinder (1)]
  1727 | D:3      | HP: 9/37 [Grinder/nerve-wracking pain (9)]
  1730 | D:3      | Killed Grinder
  1730 | D:3      | Reached *** piety under Lugonu
  1731 | D:3      | Reached skill level 4 in Fighting
  1731 | D:3      | Reached XP level 6. HP: 13/44 MP: 8/8
  1819 | D:3      | You pick up a book of Geomancy and begin reading...
  1819 | D:3      | You add the spells Sandblast, Passwall, Stone Arrow,
                  | Petrify and Lee's Rapid Deconstruction to your library.
  1885 | D:3      | Reached skill level 4 in Invocations
  2023 | D:3      | Killed Sigmund
  2024 | D:3      | Reached skill level 4 in Polearms
  2024 | D:3      | Reached skill level 4 in Dodging
  2024 | D:3      | Reached XP level 7. HP: 46/49 MP: 10/10
  2066 | D:4      | Found a staircase to the Ecumenical Temple.
  2272 | D:4      | Noticed Menkaure
  2382 | D:4      | HP: 11/49 [??? (8)]
  2386 | D:4      | Mangled by an ogre

Vanquished Creatures
  Grinder (D:3)
  Sigmund (D:3)
  A scorpion (D:4)
  A hound skeleton (D:4)
  Robin (D:2)
  2 adders (D:2)
  3 worms
  5 dart slugs
  2 orcs
  8 bats
  5 endoplasms
  2 giant cockroaches (D:1)
  15 goblins
  12 hobgoblins
  4 jackals (D:1)
  6 quokkas
  8 ball pythons
  6 frilled lizards
  7 kobolds
  5 rats
95 creatures vanquished.

Vanquished Creatures (others)
  7 plants (D:1)
7 creatures vanquished.

Grand Total: 102 creatures vanquished

Table legend:
 A = Non-vault XP
 B = Vault XP
 C = Vault XP percentage of total XP
 D = Non-vault monster count
 E = Vault monster count
 F = Vault count percentage of total count
                 A         B        C        D         E       F
            +---------+---------+-------+---------+---------+-------
      Total |     272 |     530 |  66.1 |      80 |      15 |  15.8
            +---------+---------+-------+---------+---------+-------
        D:1 |      63 |       0 |   0.0 |      34 |       0 |   0.0
        D:2 |      67 |      27 |  28.7 |      22 |       7 |  24.1
        D:3 |      32 |     501 |  94.0 |      16 |       7 |  30.4
        D:4 |     110 |       2 |   1.8 |       8 |       1 |  11.1
            +---------+---------+-------+---------+---------+-------

Illustrated notes

Table legend:
 A = Kills in this place as a percentage of kills in entire the game.
 B = Kills by you in this place as a percentage of kills by you in the entire game.
 C = Kills by friends in this place as a percentage of kills by friends in the entire game.
 D = Other kills in this place as a percentage of other kills in the entire game.
 E = Experience gained in this place as a percentage of experience gained in the entire game.
 F = Experience gained in this place divided by the number of levels of this place that you have seen.
                   A       B       C       D       E      F
               +-------+-------+-------+-------+-------+----------------------
         Total | 100.0 | 100.0 |   N/A |   N/A | 100.0 | 160.4
       Dungeon | 100.0 | 100.0 |   N/A |   N/A | 100.0 | 200.5
               +-------+-------+-------+-------+-------+----------------------

Table legend: (Time is in decaauts)
 A = Elapsed time spent in this place.
 B = Non-inter-level travel time spent in this place.
 C = Inter-level travel time spent in this place.
 D = Time resting spent in this place.
 E = Time spent auto-exploring this place.
 F = Levels seen in this place.
 G = Mean time per level.
                   A        B        C        D        E       F      G
               +--------+--------+--------+--------+--------+-----+--------+
         Total |   2377 |   2321 |     56 |     32 |   1480 |   5 |  475.4 |
       Dungeon |   2314 |   2258 |     56 |     32 |   1467 |   4 |  578.5 |
         Abyss |     63 |     63 |      0 |      0 |     13 |   1 |   63.0 |
               +--------+--------+--------+--------+--------+-----+--------+

Top non-repeatable levels by time:
     D:3: 729 daAuts
     D:1: 709 daAuts
     D:2: 550 daAuts
     D:4: 325 daAuts
 Abyss:1: 63 daAuts
